Unix NetHack Version 5.0.0-0 post-release - last build Jun 10 2026 00:39:30 (3ee93aec679c4c4259841fe613dc97188e26a321,branch:main).

Game began 2026-07-10 19:51:27, ended 2026-07-11 19:25:14.

Calendula, neutral female human Wizard

        --------
        |......|
        |.....@.#                                            -----
        |......|#                                      [#####-..<|
        - ------#                                      #     |...|
                ##                                     #  ----...|
                 ##                                    ## +.......
                  #                                    ## |....{.|
                  #                                  #### |`.....|
                  ##                                  #   ----...|
                 ##--.--#                             #      |...|
                 ##|....##                            #      |...|
                  #|...|#                      -.--|--#      -----
                  #|...|#                      |......#
                #*"|...|#              #(######......|
                  #....|#              #       |.....|
                   -----################       -------

Calendula the Thaumaturge  St:15 Dx:11 Co:16 In:16 Wi:11 Ch:11  Neutral
Dlvl:9  $:8801 HP:0(59) Pw:32(76) AC:1  Xp:7 T:6385  Hallu

Latest messages:
 You finish your prayer.
 You feel that Thoth is pleased as punch.
 With great effort you move the boulder.
 In what direction? 4
 The boulder falls apart.
 You see here 35 stones.
 Drink from the fountain? [yn] (n) y
 You see an image of someone stalking you.
 But it disappears.
 The fountain dries up!
 In what direction? 7
 The spell misses the erinys.
 The lich gets angry!
 The giant spider hits!
 The chameleon kicks!
 In what direction? 7
 The spell hits the ettin zombie!
 The doozer hits!
 The yellow light kicks!
 The Christmas-tree monster just misses!
 The mock role misses!
 You miss the centipede.
 The giant mimic hits!
 The giant mummy kicks!
 You miss the aria elemental.
 The human mummy hits!
 The aria elemental kicks!
 In what direction? 7
 The spell hits the iron piercer!
 You kill the sasquatch!
 There is a plains centaur corpse here; eat it? [ynq] (n) y
 This plains centaur corpse is copacetic.
 You stop eating the plains centaur corpse.
 There is a partly eaten plains centaur corpse here; eat it? [ynq] (n) y
 You resume your meal.
 You stop eating the plains centaur corpse.
 The ogre queen just misses!
 In what direction? 6
 The spell hits the homunculus!
 You kill the orc shaman!
 You see here 35 stones.
 You fall into a pit!
 You land on a set of sharp iron spikes!
 The spikes were poisoned!
 The poison was deadly...
 Do you want your possessions identified? [ynq] (y) y
 Do you want to see your attributes? [ynq] (y) y
 Do you want an account of creatures vanquished? [ynaq] (y) y
 Do you want to see your conduct and achievements? [ynq] (y) y
 Do you want to see the dungeon overview? [ynq] (y) y

Inventory:
 Coins    ('$')
  $ - 8801 gold pieces
 Weapons  (')')
  a - a blessed +1 quarterstaff (weapon in hands)
 Armor    ('[')
  J - an uncursed +0 dwarvish iron helm (being worn)
  u - a blessed +0 pair of leather gloves (being worn)
  O - an uncursed -2 pair of leather gloves
  r - an uncursed +0 pair of low boots (being worn)
  b - an uncursed +0 cloak of magic resistance (being worn)
  m - an uncursed +0 mummy wrapping
 Scrolls  ('?')
  A - an uncursed scroll of amnesia
  p - a blessed scroll of charging
  k - an uncursed scroll of charging
  W - an uncursed scroll of confuse monster
  N - a cursed scroll of fire
  y - an uncursed scroll of magic mapping
  q - a cursed scroll of teleportation
 Spellbooks  ('+')
  i - an uncursed spellbook of detect treasure
  V - an uncursed spellbook of teleport away
 Potions  ('!')
  D - a blessed potion of booze
  h - an uncursed potion of booze
  w - a blessed potion of extra healing
  G - 3 uncursed potions of healing
  g - 2 uncursed potions of levitation
  E - an uncursed potion of object detection
  f - an uncursed potion of see invisible
  l - a cursed potion of speed
 Rings    ('=')
  d - an uncursed ring of conflict
  e - an uncursed ring of invisibility
 Wands    ('/')
  U - a wand of digging (0:1)
  R - a wand of fire (0:7)
  H - a wand of magic missile (0:8)
  K - a wand of magic missile (0:0)
  c - a blessed wand of polymorph (2:3)
  o - a wand of secret door detection (0:8)
  v - a wand of sleep (0:3)
  X - a wand of sleep (0:3)
  B - a blessed wand of striking (0:6)
  L - a wand of striking (0:5)
  Y - a wand of striking (0:4)
  I - a wand of striking (0:3)
  P - a wand of striking (0:3)
 Tools    ('(')
  T - an uncursed blindfold
  C - an uncursed leash
  S - an uncursed leash
  n - a magic marker (0:19)
  x - an uncursed mirror
  F - an uncursed skeleton key
  Q - an uncursed skeleton key
  s - an uncursed tin whistle
  t - an uncursed tin whistle
  Z - a +0 unicorn horn
  z - an uncursed wax candle
 Gems/Stones  ('*')
  M - an uncursed emerald
  j - an uncursed worthless piece of blue glass

Calendula the Wizard's attributes:

Background:
 You were a Thaumaturge, a level 7 female human Wizard.
 You were neutral, on a mission for Thoth
 who was opposed by Ptah (lawful) and Anhur (chaotic).
 You were right-handed.
 You were in the Dungeons of Doom, on level 9.
 You entered the dungeon 6385 turns ago.
 You had 1267 experience points, 13 more were needed to attain level 8.

Basics:
 You had 0 out of 59 hit points.
 You had 32 out of 76 energy points (spell power).
 Your armor class was 1.
 Your wallet contained 8801 credit chits.
 Autopickup was off.

Final Characteristics:
 Your strength was 15 (limit:18/100).
 Your dexterity was 11 (limit:18).
 Your constitution was 16 (limit:18).
 Your intelligence was 16 (limit:18).
 Your wisdom was 11 (limit:18).
 Your charisma was 11 (limit:18).

Final Status:
 You were hallucinating.
 You were trapped in a field of caltrops.
 You weren't hungry.
 You were unencumbered.
 You were wielding a quarterstaff.
 You had basic skill with quarterstaff and could have enhanced that.

Final Attributes:
 You were piously aligned.
 You were magic-protected.
 You saw invisible.
 You were telepathic.
 You had a small defense bonus (+4).
 You were warded.
 You were fast.
 You are dead.

Miscellaneous:
 You encountered 1 bones level.
 Total elapsed playing time was 3 hours, 1 minute and 26 seconds.

Major events:
 Turn
    1: Calendula the neutral female human Wizard entered the dungeon
  644: entered the Gnomish Mines
  648: attained the rank of Conjurer (level 3)
 1690: attained the rank of Thaumaturge (level 6)
 1771: reached Mine Town
 1862: Berhala, the delicatessen proprietrix, has been killed
 1945: Izchak, the lighting store proprietor, has been killed
 2493: Nenilukah, the hardware store proprietor, has been killed
 4718: Sablja, the liquor emporium proprietor, has been killed
 6072: Kipawa, the general store proprietor, has been killed
 6315: entered Sokoban
 6385: killed by a fall onto poison spikes

Spells:
 Name                 Level Category     Fail Retention
 force bolt             1   attack         0%   61%-70%
 slow monster           2   enchantment    0%   61%-70%
 detect treasure        4   divination   100%  76%-100%

Skills:
 Fighting Skills
   bare handed combat [Unskilled]
   riding             [Unskilled]
 Weapon Skills
   dagger             [Unskilled]
   knife              [Unskilled]
   axe                [Unskilled]
   short sword        [Unskilled]
   club               [Unskilled]
   mace               [Unskilled]
   quarterstaff       [Basic]
   polearms           [Unskilled]
   spear              [Unskilled]
   trident            [Unskilled]
   sling              [Unskilled]
   dart               [Unskilled]
   shuriken           [Unskilled]
 Spellcasting Skills
   attack spells      [Basic]
   healing spells     [Unskilled]
   divination spells  [Unskilled]
   enchantment spells [Basic]
   clerical spells    [Unskilled]
   escape spells      [Unskilled]
   matter spells      [Unskilled]

Voluntary challenges:
 Character rerolling was not enabled.
 You never genocided any monsters.
 You never changed form.
 You used no wishes.
 You did not violate any of the special Sokoban rules.
Achievements:
 You entered the Gnomish Mines.
 You attained the rank of Conjurer.
 You attained the rank of Thaumaturge.
 You entered Minetown.
 You entered a temple.
 You entered a shop.
 You entered Sokoban.

 The Dungeons of Doom: levels 1 to 9
    Level 1:
       A fountain.
    Level 2:
       An altar to Thoth.
       Stairs down to The Gnomish Mines.
    Level 3:
       A fountain.
    Level 4:
       A potion shop.
    Level 5:
       Some fountains, many trees.
    Level 6:
       An altar, some fountains.
    Level 7:
       A general store.
    Level 8:
    Level 9: <- You were here.
       A fountain.
       Stairs up to Sokoban, level 8.
       Final resting place for
          you, killed by a fall onto poison spikes.
 The Gnomish Mines: levels 3 to 6
    Level 3:
    Level 4:
    Level 5:
    Level 6:
       Many shops, a temple and an altar to Thoth, some fountains, a grave.
       Final resting place for
          NuclearDog-Arc-Dwa-Fem-Law, killed by a giant ant.
 Sokoban:
    Level 8:
       Unsolved.


Vanquished creatures:
  5 shopkeepers
  a watch captain
  a ghost
  a fire giant
  a human mummy
  2 watchmen
  a crocodile
  2 giant beetles
  a wolf
  3 leprechauns
  a black light
  a vampire bat
  2 lizards
  3 chickatrices
  a dingo
  a jaguar
  a dwarf leader
  2 white unicorns
  a raven
  a plains centaur
  a snake
  4 apes
  a human zombie
  a quasit
  9 wood nymphs
  a mountain nymph
  3 Uruk-hai
 an orc shaman
  2 rock piercers
  a fog cloud
  a yellow light
  a shrieker
  5 gnome leaders
  3 gnomish wizards
  a gray ooze
  5 giant ants
  a floating eye
  8 dwarves
  a homunculus
  2 kobold shamans
  5 hill orcs
  6 rothes
 an orc zombie
  a dwarf zombie
  a wererat
  2 werejackals
  2 iguanas
 an acid blob
  2 gas spores
  2 hobbits
  a manes
  a large kobold
  2 hobgoblins
  a cave spider
 31 gnomes
  4 geckos
 14 jackals
  a fox
  2 kobolds
  4 goblins
  a sewer rat
  8 grid bugs
  4 lichens
  2 kobold zombies
  5 newts
188 creatures vanquished.

No species were genocided or became extinct.

Game over:
                       ----------
                      /          \
                     /    REST    \
                    /      IN      \
                   /     PEACE      \
                  /                  \
                  |    Calendula     |
                  |     8801 Au      |
                  | killed by a fall |
                  |   onto poison    |
                  |      spikes      |
                  |                  |
                  |       2026       |
                 *|     *  *  *      | *
        _________)/\\_//(\/(/\)/\//\/|_)_______

Goodbye Calendula the Wizard...

You died in The Dungeons of Doom on dungeon level 9 with 13539 points,
and 8801 pieces of gold, after 6385 moves.
You were level 7 with a maximum of 59 hit points when you died.

